 Dungeon Crawl Stone Soup version 0.17-a0-1954-g0dddeaa (webtiles) character file.

62 Rationalist the Skirmisher (level 3, -2/43 HPs)
             Began as a Demonspawn Berserker on Oct 4, 2015.
             Was a Believer of Trog.
             Slain by an orc
             ... wielding a +0 whip
              (3 damage)
             ... on level 3 of the Dungeon.
             The game lasted 00:03:21 (2477 turns).

Rationalist the Skirmisher (Demonspawn Berserker)   Turns: 2477, Time: 00:03:21

Health: -2/43      AC:  3    Str: 22    XL:     3   Next: 85%
Magic:  3/3        EV: 13    Int:  8    God:    Trog [**....]
Gold:   145        SH:  0    Dex: 13    Spells: 0 memorised, 2 levels left

rFire  + . .     SeeInvis .     a - +0 hand axe
rCold  . . .     Clarity  .     b - +0 animal skin
rNeg   . . .     SustAt   .     (no shield)
rPois  .         Gourm    .     (no helmet)
rElec  .         Spirit   .     (no cloak)
rCorr  .         Warding  .     (no gloves)
rMut   .         Stasis   .     (no boots)
MR     .....                    (no amulet)
Stlth  ..........               (no ring)
                                f - ring of protection from fire

@: berserking, very quick, not resistant to hostile enchantments, extremely
unstealthy
A: molten scales 1
a: Burn Spellbooks, Berserk, Trog's Hand, Renounce Religion


You were on level 3 of the Dungeon.
You worshipped Trog.
Trog was pleased with you.
You were not hungry.

You visited 1 branch of the dungeon, and saw 3 of its levels.

You collected 145 gold pieces.

Inventory:

Hand weapons
 a - a +0 hand axe (weapon)
Missiles
 d - 20 sling bullets
 m - 12 bolts
Armour
 b - a +0 animal skin (worn)
Jewellery
 f - a ring of protection from fire (left hand)
Scrolls
 h - a scroll of immolation {unknown}
Potions
 e - a potion of degeneration {unknown}
 g - 2 potions of brilliance {unknown}
 j - 2 potions of agility {unknown}
Comestibles
 c - 2 bread rations
 i - a slice of pizza
 k - a beef jerky
 l - 2 fruits
 n - 2 chunks of flesh


   Skills:
 + Level 3.5 Fighting
 + Level 3.0 Axes
 + Level 1.9 Armour
 + Level 2.8 Dodging
 + Level 0.6 Stealth


You had 2 spell levels left.
You didn't know any spells.

Dungeon Overview and Level Annotations

Branches:
Dungeon (3/15)

Altars:
Ashenzari
Cheibriados


Innate Abilities, Weirdness & Mutations

You are partially covered in molten scales (AC +1).


Message History

You hit the orc but do no damage. The orc hits you with a flail!
The orc hits you with a club.
* * * LOW HITPOINT WARNING * * *
Unknown command.
Use which ability?
A red film seems to cover your vision as you go berserk!
You feel yourself moving faster!
You feel mighty!
You feel somewhat more hungry. The orc hits you with a whip.
* * * LOW HITPOINT WARNING * * *
The orc closely misses you. The orc hits you with a club.
* * * LOW HITPOINT WARNING * * *
You slash the orc!
The orc is almost dead.
You slash the orc!
You kill the orc!
Trog accepts your kill.
You closely miss the orc.
The orc is heavily wounded.
The orc hits you with a whip.
You die...

##.#.# .#.#.# #....
.#.#.# ....####
.#.#.### ......#
.#.#...# #.....+
.#.#.#.# #<....#
##.....# #.o)..#
....._.#######.ooo.#
####...##...####@#
#.#..'...'....#
...#.##...#####......#
..####.##.[.# .####.#
. #.##...# .# #.##...#
.# #.###### .# #.# .#
#. ..


You could see 4 orcs.

Vanquished Creatures
  2 adders (D:2)
  2 worms (D:2)
  An orc (D:3)
  5 bats
  3 hobgoblins
  A quokka (D:2)
  A giant cockroach (D:2)
  2 giant geckos (D:2)
  5 giant newts
  7 goblins
  4 kobolds
  8 rats
41 creatures vanquished.

Notes
Turn   | Place    | Note
--------------------------------------------------------------
     0 | D:1      | Rationalist the Demonspawn Berserker began the quest for the Orb.
     0 | D:1      | Reached XP level 1. HP: 18/18 MP: 1/1
   296 | D:1      | Gained mutation: You are partially covered in molten scales (AC +1). [demonic ancestry]
   296 | D:1      | Reached XP level 2. HP: 17/24 MP: 2/2
  1319 | D:2      | Acquired Trog's second power
  1319 | D:2      | Reached XP level 3. HP: 19/29 MP: 3/3
  1935 | D:2      | Found a shattered altar of Ashenzari.
  2448 | D:3      | Found a snail-covered altar of Cheibriados.
  2476 | D:3      | HP: 1/43 [orc/club (4)]
  2477 | D:3      | Slain by an orc

Vault maps used:
D:1:      dpeg_arrival_shelter, minmay_tree_intersection
D:2:      lemuel_coloured_pillars_altar, serial_co_window_serial,
          co_window_paths_b, co_window_corner_a, co_window_paths_a,
          co_window_paths_a, co_window_paths_b, co_window_broadway_a,
          co_window_of_opportunity_c, co_window_unsneaky_path_e,
          co_window_broadway_a, co_window_unsneaky_path_e, glass_columns_b,
          glass_columns_a, glass_columns_a, glass_columns_a, glass_columns_a
D:3:      cheibriados_altar_1, uniq_grinder

Action                   || total
-------------------------++-------
Melee: Hand axe          ||   137
Invok: Berserk           ||     1
 Stab: Sleeping          ||     1
  Eat: Chunk             ||     5
